 Dungeon Crawl Stone Soup version 0.24-a0-279-ga7546fe674 (webtiles) character file.

Game seed: 6046039269906622268

543 HAL9000 the Covert (level 7, -3/34 HPs)
             Began as a Vine Stalker Assassin on May 1, 2019.
             Slain by a worker ant (5 damage)
             ... on level 2 of the Dungeon.
             The game lasted 00:06:24 (3483 turns).

HAL9000 the Covert (Vine Stalker Assassin)          Turns: 3483, Time: 00:06:25

Health: -3/34      AC:  5    Str: 14    XL:     7   Next: 27%
Magic:  0/8        EV: 11    Int: 12    God:
Gold:   203        SH:  0    Dex: 16    Spells: 6/6 levels left

rFire    + . .     SeeInvis .   a - +2 dagger
rCold    + . .     Gourm    .   (no shield)
rNeg     . . .     Faith    .   c - +0 robe
rPois    +         Spirit   +   w - +0 helmet
rElec    +         Reflect  .   d - +0 cloak
rCorr    +         Harm     .   p - +0 pair of gloves
MR       .....                  (no boots)
Stlth    ++++......             (no amulet)
HPRegen  0.51/turn              (no ring)
MPRegen  0.11/turn              (no ring)

@: lethally poisoned (-3 -> -3), resistant, flying (expiring)
A: fangs 2, regeneration 1, magic shield, antimagic bite, no potion heal 3, rot
immunity
a: no special abilities


You were on level 2 of the Dungeon.
You were not hungry.

You visited 1 branch of the dungeon, and saw 4 of its levels.

You collected 203 gold pieces.

Inventory:

Hand Weapons
 a - a +2 dagger (weapon)
 b - a +0 blowgun
Missiles
 e - 18 poisoned needles
 j - 4 needles of confusion
 y - 7 tomahawks (quivered)
 z - a curare-tipped needle
Armour
 c - a +0 robe (worn)
 d - a +0 cloak (worn)
 p - a +0 pair of gloves (worn)
 w - a +0 helmet (worn)
Wands
 r - a wand of digging (6)
 A - a wand of clouds (4)
Scrolls
 h - 2 scrolls of remove curse
 o - a scroll of fog {unknown}
 q - a scroll of random uselessness {unknown}
 s - 2 scrolls of identify {unknown}
 v - a scroll of teleportation {unknown}
Potions
 i - 3 potions of flight
 n - 2 potions of heal wounds
 t - 2 potions of haste {unknown}
 x - a potion of agility {unknown}
Comestibles
 g - 6 rations


   Skills:
 - Level 1.7 Fighting
 + Level 4.7 Short Blades
 - Level 1.7 Throwing
 - Level 0.7 Dodging
 + Level 8.9 Stealth


You had 6 spell levels left.
You didn't know any spells.
Your spell library was empty.

Dungeon Overview and Level Annotations

Branches:
Dungeon (4/15)
 Temple: D:4-7

Altars:
Makhleb
Trog
The Shining One


Innate Abilities, Weirdness & Mutations

You have extremely sharp teeth.
Your natural rate of healing is unusually fast.
When hurt, damage is shared between your health and your magic reserves.
Your bite disrupts and absorbs the magic of your enemies.
Potions cannot restore your health.
You are immune to rotting.


Message History

It was a potion of curing.
Your system rejects the healing.
You feel better. The worker ant bites you.
* * * LOW HITPOINT WARNING * * *
The worker ant closely misses you.
The worker ant seems to regain its courage.
The worker ant bites you.
There is a stone staircase leading up, spattered with blood here.
The worker ant bites you.
* * * LOW HITPOINT WARNING * * *
You are poisoned.
The worker ant poisons you!
You fly upwards.
You feel sick.
There is a stone staircase leading down here.
Unknown command.
You feel sick.
The worker ant bites you but does no damage.
You are starting to lose your buoyancy.
You feel sick. The worker ant bites you.
You die...

#...#####.......##.#
#.# ###.####
#.......##.# #.#
#......#
#.......##.#####.#
#.#.##.#
#.......##.......#
#.#.##.#
#.......###.....##
#.#.##.#
#...............#
#.#.##.#
###########.....#
#.#.##.#
######..>#.#.###
#...)..#
#...@a.#.#.#.#
###>####
#.####...#.#.#
#.#######.......##.#.#
#....)....####..##.#.#
#########.####.......#
##### #.#..........#
....# #(#.##.##...##
###.# #.#.##.###.##
####### .##.# #..<...#
### #.....#


You could see a worker ant.

Vanquished Creatures
  Sigmund (D:2)
  An ogre (D:4)
  2 orc priests (D:3)
  An orc wizard (D:3)
  A worker ant (D:4)
  A gnoll (D:1)
  5 adders
  2 oozes
  8 worms
  A dart slug (D:3)
  6 leopard geckos
  12 orcs
  7 bats
  3 giant cockroaches
  5 goblins
  6 hobgoblins
  11 jackals
  A frilled lizard (D:1)
  8 kobolds
  7 rats
89 creatures vanquished.

Notes
Turn   | Place    | Note
-------+----------+-------------------------------------------
     0 | D:1      | HAL9000 the Vine Stalker Assassin began the quest for the
                  | Orb.
     0 | D:1      | Reached XP level 1. HP: 11/11 MP: 2/2
   221 | D:1      | Reached skill level 5 in Stealth
   279 | D:1      | Reached XP level 2. HP: 11/15 MP: 3/3
   857 | D:2      | Found a glowing golden altar of the Shining One.
   859 | D:2      | Noticed Sigmund
   985 | D:2      | Reached XP level 3. HP: 18/18 MP: 4/4
  1028 | D:2      | Reached skill level 6 in Stealth
  1532 | D:1      | Gained mutation: Your natural rate of healing is unusually
                  | fast. [Vine Stalker growth]
  1532 | D:1      | Reached XP level 4. HP: 4/23 MP: 2/5
  1596 | D:2      | Found a bloodstained altar of Trog.
  1893 | D:2      | Killed Sigmund
  1893 | D:2      | Reached skill level 7 in Stealth
  1893 | D:2      | Reached XP level 5. HP: 26/26 MP: 6/6
  1893 | D:2      | Reached XP level 6. HP: 30/30 MP: 7/7
  1991 | D:2      | Found a burning altar of Makhleb.
  2001 | D:2      | Reached skill level 8 in Stealth
  3207 | D:4      | Reached XP level 7. HP: 11/34 MP: 2/8
  3461 | D:3      | HP: 1/34 [poisoned by a worker ant]
  3467 | D:3      | HP: 1/34 [worker ant (3)]
  3480 | D:2      | HP: 1/34 [poisoned by a worker ant]
  3483 | D:2      | Slain by a worker ant

Levels and vault maps discovered:
D:1:      minmay_arrival_up_and_down, layout_loops_corners
D:2:      layout_loops_cross, nicolae_overflow_hidden_temple,
          old_standard_altar, old_standard_altar, minmay_pentomino_pile,
          uniq_sigmund
D:3:      layout_basic
D:4:      layout_cave_pods, nicolae_dithmenos_the_darkroom, serial_shops,
          kennysheep_mini, first_ration, nicolae_ru_path_of_blood,
          uniq_blork_the_orc, uniq_robin, uniq_menkaure

Skill      XL: |  1  2  3  4  5  6 |
---------------+-------------------+-----
Stealth        | 5 6 7 8 |  8.9
Short Blades   | 2 3 4 |  4.7
Fighting       | |  1.7
Throwing       | |  1.7
Dodging        | |  0.7

Action                   |  1- 3 |  4- 6 |  7- 9 || total
-------------------------+-------+-------+-------++-------
Melee: Dagger            |    92 |   221 |    16 ||   329
       Bite              |    25 |    50 |     7 ||    82
 Fire: Blowgun           |       |     5 |       ||     5
  Use: Scroll            |     2 |       |     2 ||     4
       Potion            |       |       |     4 ||     4
 Stab: Sleeping          |     7 |     9 |     1 ||    17
       Distracted        |     1 |     1 |       ||     2
  Eat: Chunk             |     2 |     5 |     1 ||     8
Armor: Robe              |    31 |    77 |     3 ||   111
Dodge: Dodged            |    71 |   143 |    11 ||   225

Table legend:
 A = Non-vault XP
 B = Vault XP
 C = Vault XP percentage of total XP
 D = Non-vault monster count
 E = Vault monster count
 F = Vault count percentage of total count
                 A         B        C        D         E       F
            +---------+---------+-------+---------+---------+-------
      Total |     528 |     249 |  32.0 |      83 |       6 |   6.7
            +---------+---------+-------+---------+---------+-------
        D:1 |      42 |      16 |  27.6 |      18 |       2 |  10.0
        D:2 |      69 |     233 |  77.2 |      21 |       4 |  16.0
        D:3 |     222 |       0 |   0.0 |      36 |       0 |   0.0
        D:4 |     195 |       0 |   0.0 |       8 |       0 |   0.0
            +---------+---------+-------+---------+---------+-------
